 Dungeon Crawl Stone Soup version 0.27-a0-1548-gf8a67e7463 (webtiles) character file.

Game seed: 9110818958250310260

42 Spaninq the Skirmisher (level 3, 0/33 HPs)
             Began as a Hill Orc Fighter on July 13, 2021.
             Slain by an adder (2 damage)
             ... on level 2 of the Dungeon.
             The game lasted 00:02:08 (973 turns).

Spaninq the Skirmisher (Hill Orc Fighter)            Turns: 973, Time: 00:02:09

Health: 0/33       AC:  6    Str: 19    XL:     3   Next: 56%
Magic:  3/3        EV:  7    Int:  8    God:
Gold:   69         SH:  9    Dex: 10    Spells: 2/2 levels left

rFire    . . .     SeeInvis .   a - +0 war axe
rCold    . . .     Faith    .   c - +0 kite shield
rNeg     . . .     Spirit   .   b - +0 scale mail
rPois    .         Reflect  .   (no helmet)
rElec    .         Harm     .   (no cloak)
rCorr    .         Rampage  .   (no gloves)
Will     .....                  (no boots)
Stlth    ..........             (no amulet)
HPRegen  0.11/turn              (no ring)
MPRegen  0.08/turn              (no ring)

@: lethally poisoned (0 -> -1), flying
A: no striking features
a: no special abilities


You were on level 2 of the Dungeon.
You visited 1 branch of the dungeon, and saw 2 of its levels.

You collected 69 gold pieces.

Inventory:

Hand Weapons
 a - a +0 war axe (weapon)
Armour
 b - a +0 scale mail (worn)
 c - a +0 kite shield (worn)
Scrolls
 e - a scroll of acquirement {unknown}
 f - a scroll of blinking {unknown}
 h - a scroll of amnesia {unknown}
Potions
 d - a potion of might


   Skills:
 + Level 4.0 Fighting
 * Level 3.8 Axes
 + Level 3.6 Armour
 + Level 3.6 Shields


You had 2 spell levels left.
You didn't know any spells.
Your spell library was empty.

Dungeon Overview and Level Annotations

Branches:
Dungeon (2/15)

Altars:


Message History

h - a scroll labelled BESEIR WIER You now have 63 gold pieces (gained 11).
You now have 69 gold pieces (gained 6).
The kobold shouts!
You block the kobold's attack.
The gnoll shouts!
You hit the kobold.
You kill the kobold!
The gnoll shouts!
You hear an angry hiss.
You hear a shout!
An adder comes into view.
You hit the gnoll.
The gnoll is moderately wounded.
The gnoll hits you with a +0 flail. The gnoll hits you with a +0 flail!
You hit the gnoll.
The gnoll is severely wounded.
The gnoll hits you with a +0 flail.
A bat comes into view.
The adder bites you but does no damage. The bat hits you but does no damage.
You block the bat's attack. The bat hits you but does no damage.
The bat hits you but does no damage. The bat hits you but does no damage.
You block the bat's attack. The bat barely misses you. The adder bites you.
The bat hits you but does no damage. You block the bat's attack.
The bat hits you but does no damage. The adder bites you.
You are poisoned.
The adder poisons you!
You feel sick. The bat hits you but does no damage.
You feel sick. The bat hits you but does no damage.
You feel sick. The bat barely misses you.
You feel sick. You block the bat's attack. The adder bites you.
* * * LOW HITPOINT WARNING * * *
It was a potion of flight.
You feel very buoyant.
You fly up into the air.
* * * LOW HITPOINT WARNING * * *
You feel sick. You block the bat's attack. The adder bites you.
You die...

...#.......(.......# #
...#...............#.#
.. #......g..........#
#..............#
#........g.....#
#..............#
#..........g...# +
#...........Sb.# #.#
#...........)@.##...#
##############....>.#
#.###### ##.### #....#
#..#.# #..#.# #..#..
###########..##########


You could see 3 gnolls, an adder and a bat.

Vanquished Creatures
  A dart slug (D:1)
  3 endoplasms (D:1)
  A giant cockroach (D:1)
  4 hobgoblins (D:1)
  5 jackals (D:1)
  A quokka (D:1)
  4 ball pythons (D:1)
  4 bats (D:1)
  2 frilled lizards (D:1)
  5 goblins
  4 kobolds
  4 rats (D:1)
38 creatures vanquished.

Notes
Turn   | Place    | Note
-------+----------+-------------------------------------------
     0 | D:1      | Spaninq the Hill Orc Fighter began the quest for the Orb.
     0 | D:1      | Reached XP level 1. HP: 19/19 MP: 1/1
    91 | D:1      | Reached XP level 2. HP: 12/27 MP: 2/2
   481 | D:1      | Reached XP level 3. HP: 31/33 MP: 3/3
   614 | D:1      | Reached skill level 4 in Fighting
   973 | D:2      | Slain by an adder

Illustrated notes

Levels and vault maps discovered:
D:1:      dpeg_arrival_three_same_balls, layout_rooms
D:2:      layout_basic, hellmonk_ecumenical_altar_slurped_away

Skill      XL: |  1  2  3 |
---------------+----------+-----
Axes           | 3 |  3.8
Fighting       | 4 |  4.0
Armour         | |  3.6
Shields        | |  3.6

Action                   || total
-------------------------++-------
Melee: War axe           ||   110
  Use: Potion            ||     1
Armor: Scale mail        ||    81
Dodge: Dodged            ||    44
Block: Kite shield       ||    65

Table legend: (Time is in decaauts)
 A = Elapsed time spent in this place.
 B = Non-inter-level travel time spent in this place.
 C = Inter-level travel time spent in this place.
 D = Time resting spent in this place.
 E = Time spent auto-exploring this place.
 F = Levels seen in this place.
 G = Mean time per level.
                   A        B        C        D        E       F      G
               +--------+--------+--------+--------+--------+-----+--------+
         Total |   1035 |   1020 |     15 |    158 |    579 |   2 |  517.5 |
       Dungeon |   1035 |   1020 |     15 |    158 |    579 |   2 |  517.5 |
               +--------+--------+--------+--------+--------+-----+--------+

Top non-repeatable levels by time:
     D:1: 934 daAuts
     D:2: 101 daAuts
